 Dungeon Crawl Stone Soup version 0.24.0-37-gcf1ca852f1 (webtiles) character file.

Game seed: 9805800010634616355, levelgen mode: deterministic

312 Amplified the Chopper (level 6, -6/58 HPs)
             Began as a Deep Dwarf Monk on Nov 22, 2019.
             Shot with an arrow by a centaur (12 damage)
             ... on level 5 of the Dungeon.
             The game lasted 00:07:29 (2179 turns).

Amplified the Chopper (Deep Dwarf Monk)             Turns: 2179, Time: 00:07:31

Health: -6/58      AC:  5    Str: 16      XL:     6   Next: 18%
Magic:  5/5        EV: 13    Int: 11      God:
Gold:   59         SH:  0    Dex: 14 (15) Spells: 5/5 levels left

rFire    . . .     SeeInvis +   d - +0 short sword (holy)
rCold    . . .     Gourm    .   (no shield)
rNeg     . . .     Faith    .   g - +0 leather armour {MR+}
rPois    .         Spirit   .   e - +1 helmet
rElec    .         Reflect  .   (no cloak)
rCorr    .         Harm     .   (no gloves)
MR       +....                  (no boots)
Stlth    ++........             (no amulet)
HPRegen  0.00/turn              f - ring of see invisible
MPRegen  0.09/turn              (no ring)

@: lethally poisoned (-6 -> -6), non-regenerating
A: damage resistance, heal wounds, sense surroundings 1, no regeneration
a: Heal Wounds


You were on level 5 of the Dungeon.
You were not hungry.

You visited 1 branch of the dungeon, and saw 5 of its levels.

You collected 137 gold pieces.
You spent 78 gold pieces at shops.

Inventory:

Hand Weapons
 a - a +0 hand axe
 d - a +0 short sword of holy wrath (weapon)
Missiles
 b - 5 boomerangs (quivered)
Armour
 e - a +1 helmet (worn)
 g - a +0 leather armour of magic resistance (worn)
Magical Staves
 h - an uncursed staff of summoning
Jewellery
 f - a ring of see invisible (left hand)
Scrolls
 c - 2 scrolls of teleportation
 i - a scroll of magic mapping
Comestibles
 j - 8 chunks of flesh


   Skills:
 * Level 4.5 Fighting
 * Level 5.5 Axes
 + Level 2.7 Armour
 - Level 3.2 Dodging
 - Level 2.4 Stealth


You had 5 spell levels left.
You didn't know any spells.
Your spell library contained the following spells:

 Spells                   Type           Power        Failure   Level  Hunger
 Beastly Appendage        Tmut           #.....       38%         1    ##.....
 Sticks to Snakes         Tmut           #.......     54%         2    ###....
 Spider Form              Tmut/Pois      #.........   77%         3    ####...
 Ice Form                 Ice/Tmut       #.......     99%         4    #####..
 Blade Hands              Tmut           #.........   100%        5    ######.


Dungeon Overview and Level Annotations

Branches:
Dungeon (5/15)
 Temple: D:4-7

Altars:
Ashenzari
Gozag
Nemelex Xobeh

Shops:
D:5 ?

Annotations:
D:3 Terence
D:5 1 runed translucent door, Crazy Yiuf


Innate Abilities, Weirdness & Mutations

You are resistant to damage.
You can heal yourself by infusing magical energy.
You passively map a small area around you.
You do not regenerate.


Message History

The adder is almost dead.
The adder closely misses you.
You hit the adder but do no damage.
The adder is almost dead.
The adder closely misses you. x2
You closely miss the adder.
The adder is almost dead.
The adder misses you.
You hit the adder but do no damage.
The adder is almost dead.
The adder bites you but does no damage. The crimson imp spits at you.
The crimson imp blinks!
You hit the adder.
You kill the adder!
The centaur wields a +0 shortbow.
The centaur shoots an arrow.
The arrow hits you!!
* * * LOW HITPOINT WARNING * * *
The centaur shoots an arrow.
The arrow hits you!
You die...

........# ........ ......
.....[..########......#
.....c
......................#
,......
#####..............c..#
,......
#.................#* ######
#.................##.., * #
#...........##........ #
#........(..##c....... ,###
#####.)......5..@.........
, +..
#...#)÷.........##........,
###
#...#...........##........
**
#...†...........##........
*
#.....########'###........
#.....# #.# #.....(.. ,
##....# #.# ######### * ,,
#....# #.# , ,* #....# #.#
,, *


You could see a centaur and a crimson imp.

Vanquished Creatures
  A scorpion (D:5)
  A quasit (D:5)
  A bullfrog skeleton (D:5)
  2 orc wizards
  A worker ant zombie (D:5)
  3 adders
  3 oozes
  A dart slug (D:1)
  5 leopard geckos
  17 orcs
  A giant cockroach (D:1)
  7 goblins
  3 hobgoblins
  6 jackals
  9 kobolds
  A quokka (D:2)
  A ball python (D:5)
  6 bats
  7 frilled lizards
  A quokka skeleton (D:5)
  8 rats
85 creatures vanquished.

Notes
Turn   | Place    | Note
-------+----------+-------------------------------------------
     0 | D:1      | Amplified the Deep Dwarf Monk began the quest for the Orb.
     0 | D:1      | Reached XP level 1. HP: 20/20 MP: 1/1
    18 | D:1      | Found a shattered altar of Ashenzari.
   107 | D:1      | Reached XP level 2. HP: 17/27 MP: 2/2
   201 | D:1      | Reached skill level 1 in Armour
   386 | D:1      | Reached XP level 3. HP: 7/34 MP: 3/3
   675 | D:1      | Reached skill level 4 in Axes
   949 | D:2      | Found an opulent altar of Gozag.
   949 | D:2      | Found a sparkling altar of Nemelex Xobeh.
  1013 | D:3      | Reached XP level 4. HP: 24/42 MP: 4/4
  1263 | D:3      | Noticed Terence
  1348 | D:5      | Entered Level 5 of the Dungeon
  1361 | D:5      | Reached XP level 5. HP: 23/50 MP: 5/5
  1402 | D:5      | Found a runed translucent door.
  1403 | D:5      | Noticed Crazy Yiuf
  1484 | D:5      | Reached skill level 5 in Axes
  1610 | D:5      | Noticed a phantom
  1768 | D:5      | Noticed a centaur
  1896 | D:4      | Noticed an ogre
  2062 | D:5      | Reached XP level 6. HP: 34/58 MP: 5/5
  2074 | D:5      | Found Umomid's Magic Scroll Emporium.
  2085 | D:5      | Bought a scroll of teleportation for 39 gold pieces
  2085 | D:5      | Bought a scroll of teleportation for 39 gold pieces
  2179 | D:5      | Shot with an arrow by a centaur

Levels and vault maps discovered:
D:1:      minmay_arrival_up_and_down, layout_rooms,
          hangedman_abyss_or_decor_stabs, serial_bayou_ford_a, ashenzari_altar_1
D:2:      layout_rooms, grunt_temple_overflow_opulence
D:3:      layout_loops_corners, gup_sewer_entry_bubbles, uniq_jessica,
          uniq_terence
D:4:      layout_basic, first_ration, led_xom_imps
D:5:      layout_basic, kennysheep_mini, serial_shops, shop_fountains,
          uniq_crazy_yiuf_cottage

Skill      XL: |  1  2  3  4  5 |
---------------+----------------+-----
Fighting       | 3 4 |  4.5
Armour         | 1 2 |  2.7
Axes           | 4 5 |  5.5
Dodging        | |  3.2
Stealth        | |  2.4

Action                   |  1- 3 |  4- 6 || total
-------------------------+-------+-------++-------
Melee: Hand axe          |    55 |       ||    55
       Short sword       |   100 |   199 ||   299
Throw: Boomerang         |       |     2 ||     2
 Abil: Heal Wounds       |     1 |     2 ||     3
  Use: Scroll            |     3 |     4 ||     7
       Potion            |     3 |       ||     3
 Stab: Sleeping          |     4 |     1 ||     5
       Distracted        |       |     1 ||     1
  Eat: Chunk             |       |     2 ||     2
       Ration            |       |     1 ||     1
Armor: Robe              |    49 |     8 ||    57
       Leather armour    |       |    64 ||    64
Dodge: Dodged            |   190 |   210 ||   400
